 Dungeon Crawl Stone Soup version 0.29.1-15-g9cfb28693d (webtiles) character file.

Game seed: 1407780737135587571

959 zhov the Shooter (level 7, -4/36 HPs)
             Began as a Spriggan Hunter on Mar 30, 2023.
             Slain by an ice beast (14 damage)
             ... on level 5 of the Dungeon.
             The game lasted 00:06:26 (5158 turns).

zhov the Shooter (Spriggan Hunter)                  Turns: 5158, Time: 00:06:26

Health: -4/36      AC:  4    Str:  7    XL:     7   Next: 91%
Magic:  14/14      EV: 18    Int: 13    God:
Gold:   164        SH:  0    Dex: 18    Spells: 14/14 levels left

rFire   . . .      SeeInvis +   g - +3 dagger (venom)
rCold   . . .      Faith    .   (no shield)
rNeg    . . .      Spirit   .   c - +2 robe
rPois   .          Reflect  .   (helmet restricted)
rElec   .          Harm     .   (no cloak)
rCorr   .          Rampage  .   (gloves unavailable)
Will    +....                   (boots unavailable)
Stlth   +++.......              (no amulet)
HPRegen 0.12/turn               h - ring of flight
MPRegen 0.14/turn               (no ring)

@: flying, very quick
A: very small, no large weapons, unfitting armour, see invisible, speed 3
a: no special abilities


You were on level 5 of the Dungeon.
You visited 2 branches of the dungeon, and saw 6 of its levels.

You collected 192 gold pieces.
You spent 28 gold pieces at shops.

Inventory:

Hand Weapons
 a - a +0 vorpal shortbow
 d - a +1 vampiric dagger
 g - a +3 dagger of venom (weapon)
Armour
 c - a +2 robe (worn)
Jewellery
 f - a ring of ice
 h - a ring of flight (left hand)
Wands
 j - a wand of polymorph (13)
 l - a wand of mindburst (4)
Scrolls
 e - a scroll of amnesia {unknown}
Potions
 b - a potion of mutation {unknown}
 i - a potion of heal wounds
 k - 2 potions of lignification
 m - 2 potions of curing
 n - 2 potions of haste
 o - a potion of flight {unknown}


   Skills:
 + Level 3.3 Fighting
 + Level 3.7 Short Blades
 * Level 6.6 Ranged Weapons
 + Level 2.8 Dodging
 * Level 6.1 Stealth
 + Level 4.0 Spellcasting
 + Level 0.3 Evocations


You had 14 spell levels left.
You didn't know any spells.
Your spell library was empty.

Dungeon Overview and Level Annotations

Branches:
Dungeon (5/15)             Temple (1/1) D:4

Altars:
Ashenzari
Cheibriados
Dithmenos
Gozag
Hepliaklqana
Kikubaaqudgha
Makhleb
Nemelex Xobeh
Okawaru
Qazlal
Ru
Sif Muna
Trog
Uskayaw
Xom
Yredelemnul
The Shining One

Shops:
D:1 ?


Innate Abilities, Weirdness & Mutations

You are very small and have problems with some larger weapons.
You are too small for most types of armour.
You have supernaturally acute eyesight. (SInv)
You cover ground extremely quickly. (Speed+++)


Message History

You shoot an arrow. The arrow hits the ice beast!
The ice beast is almost dead.
You shoot an arrow. The arrow barely misses the ice beast.
You shoot an arrow. The arrow barely misses the ice beast.
The ice beast hits you. The ice beast freezes you!
You shoot an arrow.
The arrow hits the ice beast but does no damage.
The ice beast is almost dead.
The ice beast hits you but does no damage.
You shoot an arrow. The arrow hits the ice beast.
The ice beast is almost dead.
The ice beast closely misses you. The ice beast completely misses you.
You shoot an arrow.
The arrow hits the ice beast but does no damage.
The ice beast is almost dead.
The ice beast hits you. The ice beast freezes you!
You are too injured to fight recklessly!
You are too injured to fight recklessly!
You are too injured to fight recklessly!
Okay, then.
Fire: a) +0 shortbow (vorpal)
Press: ? - help, Q - select action, (/) - cycle Shift-Dir - straight line, f/p - ice beast
Aim: an ice beast (almost dead, 65% to hit)
You shoot an arrow.
The arrow hits the ice beast but does no damage.
The ice beast is almost dead.
The ice beast barely misses you.
Fire: a) +0 shortbow (vorpal)
Press: ? - help, Q - select action, (/) - cycle Shift-Dir - straight line, f/p - ice beast
Aim: an ice beast (almost dead, 65% to hit)
You shoot an arrow.
The arrow hits the ice beast but does no damage.
The ice beast is almost dead.
The ice beast closely misses you.
Your +3 dagger of venom begins to drip with poison!
g - a +3 dagger of venom (weapon)
The ice beast hits you.
* * * LOW HITPOINT WARNING * * *
The ice beast freezes you!
You die...

#.###. ##...# #.....
#...#...# # #### ..#..
##### #.
...#...#...#...# #.###
....# #.....
>##...###Y..# ##...#
........@# ####.
#.......###############.
#.#####.................
#.###############. #.#
###### #.# ..<... #.#
###### #.# #..... #.#
#.####


You could see an ice beast.

Vanquished Creatures
  Sigmund (D:2)
  Menkaure (D:4)
  An ogre (D:4)
  3 scorpions (D:4)
  A hound (D:4)
  Crazy Yiuf (D:4)
  Jessica (D:3)
  An iguana (D:4)
  Ijyb (D:3)
  Terence (D:3)
  3 orc wizards
  Robin (D:4)
  A gnoll (D:4)
  4 adders
  3 worms
  3 dart slugs
  15 orcs
  4 endoplasms
  2 giant cockroaches (D:2)
  22 goblins
  14 hobgoblins
  6 jackals
  2 quokkas (D:1)
  7 ball pythons
  6 bats
  11 kobolds
  5 rats (D:1)
121 creatures vanquished.

Vanquished Creatures (others)
  2 plants (D:4)
2 creatures vanquished.

Grand Total: 123 creatures vanquished

Notes
Turn   | Place    | Note
-------+----------+-------------------------------------------
     0 | D:1      | zhov the Spriggan Hunter began the quest for the Orb.
     0 | D:1      | Reached XP level 1. HP: 10/10 MP: 2/2
   258 | D:1      | Reached XP level 2. HP: 15/15 MP: 2/4
   358 | D:1      | Reached skill level 1 in Spellcasting
   446 | D:1      | Found Zifeuxorch's Magic Scroll Shop.
   452 | D:1      | Bought a scroll of identify for 28 gold pieces
   829 | D:1      | Reached XP level 3. HP: 18/18 MP: 5/5
  1130 | D:2      | Noticed Sigmund
  1134 | D:2      | Killed Sigmund
  1135 | D:2      | Reached skill level 5 in Ranged Weapons
  1135 | D:2      | Reached XP level 4. HP: 23/23 MP: 5/8
  1135 | D:2      | Reached XP level 5. HP: 27/27 MP: 5/9
  1334 | D:2      | Found a sacrificial altar of Ru.
  1619 | D:3      | Noticed Jessica
  1627 | D:3      | Killed Jessica
  1955 | D:3      | Reached XP level 6. HP: 32/32 MP: 10/10
  1960 | D:3      | Noticed Ijyb
  1975 | D:3      | Killed Ijyb
  2516 | D:3      | Noticed Terence
  2554 | D:3      | Killed Terence
  2745 | D:4      | Noticed Menkaure
  2902 | D:4      | Killed Menkaure
  2903 | D:4      | Reached skill level 5 in Stealth
  2939 | D:4      | Reached XP level 7. HP: 19/36 MP: 11/13
  3400 | D:4      | Noticed Robin
  3414 | D:4      | Killed Robin
  4017 | D:4      | Found a staircase to the Ecumenical Temple.
  4028 | Temple   | Entered the Ecumenical Temple
  4637 | D:4      | Found a runed translucent door.
  4638 | D:4      | Noticed Crazy Yiuf
  4700 | D:4      | Killed Crazy Yiuf
  4809 | D:5      | Entered Level 5 of the Dungeon
  5158 | D:5      | Slain by an ice beast

Illustrated notes

Levels and vault maps discovered:
D:1:      lightli_iron_boxes, layout_loops_ring, serial_shops,
          nicolae_shop_competitors_out_of_business
D:2:      layout_rooms, basic_altar, uniq_sigmund
D:3:      layout_loops_corners, minivault_14, uniq_jessica, uniq_terence,
          uniq_ijyb
D:4:      corexii_shantytown, layout_loops_ring, minmay_temple_entry_trees,
          roderic_malta_cross, serial_park_tiny_pond, uniq_crazy_yiuf_cottage,
          uniq_menkaure, uniq_robin
D:5:      nicolae_cairo_tiling, layout_basic, chequers_serial_rivers_room_b
Temple:   minmay_temple_bridge_d

Skill      XL: |  1  2  3  4  5  6  7 |
---------------+----------------------+-----
Stealth        | 2 4 5 6 |  6.1
Spellcasting   | 1 2 3 4 |  4.0
Fighting       | 2 3 |  3.3
Short Blades   | 2 3 |  3.7
Ranged Weapons | 5 6 |  6.6
Dodging        | |  2.8
Evocations     | |  0.3

Action                   |  1- 3 |  4- 6 |  7- 9 || total
-------------------------+-------+-------+-------++-------
 Fire: Shortbow          |    81 |   102 |   204 ||   387
  Use: Scroll            |     4 |     8 |     1 ||    13
       Potion            |       |     1 |       ||     1
Armor: Robe              |     1 |     6 |    13 ||    20
Dodge: Dodged            |    20 |    25 |   103 ||   148
